 Dungeon Sprint DCSS version 0.30.1-4-g462c640d31 (webtiles) character file.

Game seed: 22503731209450306

22145 Heoruswealwe the Ninja (level 12, -22/70 HPs)
             Began as a Spriggan Artificer on Sept 7, 2023.
             Was an Initiate of Gozag.
             Killed from afar by Lom Lobon (24 damage)
             ... with a great icy blast
             ... in the Dungeon (Sprint I: "Red Sonja").
             The game lasted 00:39:33 (1971 turns).

Heoruswealwe the Ninja (Spriggan Artificer)         Turns: 1971, Time: 00:39:33

Health: -22/70     AC:  5    Str:  8    XL:     12   Next: 60%
Magic:  1/13       EV: 38    Int: 16    God:    Gozag
Gold:   1642       SH:  0    Dex: 22    Spells: 11/11 levels left

rFire   + . .        i - +2 quick blade of Ignis, Dancing {freeze, *Rage +Blink Will+++ Stlth-}
rCold   + + .        (no shield)
rNeg    + . .        o - +1 robe of Wasted Space {Fly rC+ Int+3 Dex-2}
rPois   +            m - +1 hat "Ywkef" {rN+ Dex+4}
rElec   +            u - +0 cloak {Will+}
rCorr   +            (gloves unavailable)
SInv    +            (boots unavailable)
Will    +++++        (no amulet)
Stlth   +++++++++    (no ring)
HPRegen 0.31/turn    (no ring)
MPRegen 0.13/turn

%: no teleportation, random rage (20%)
@: mighty, resistant, flying, hasted, invisible, bribing [the Dungeon], very
quick
A: very small, no large weapons, unfitting armour, see invisible, speed 3
a: Renounce Religion, Evoke Blink, Potion Petition, Call Merchant, Bribe Branch


You were in the Dungeon.
You worshipped Gozag.
Gozag was most pleased with you.
You visited 1 branch You collected 9814 gold pieces.
You spent 2143 gold pieces at shops.
You donated 29 gold pieces to Zin.
You paid 6000 gold pieces to Gozag.

Inventory:

Hand Weapons
 a - a +4 dagger of electrocution
 i - the +2 quick blade of Ignis, Dancing (weapon) {freeze, *Rage +Blink Will+++ Stlth-}
   (You acquired it in the Dungeon)

   +Blink:    It lets you blink.
   *Rage:     It berserks you when you make melee attacks (+20% chance).
   Will:      It greatly increases your willpower.
   Stlth:     It makes you less stealthy.
Armour
 c - a +1 robe of resistance
 g - the +1 acid dragon scales of the Bull {rPois rCorr}
   (You bought it in a shop in the Dungeon)

   rPois:     It protects you from poison.
   rCorr:     It protects you from acid and corrosion.
 m - the +1 hat "Ywkef" (worn) {rN+ Dex+4}
   (You acquired it in the Dungeon)

   Dex:       It affects your dexterity (+4).
   rN:        It protects you from negative energy.
 o - the +1 robe of Wasted Space (worn) {Fly rC+ Int+3 Dex-2}
   (You bought it in a shop in the Dungeon)

   Int:       It affects your intelligence (+3).
   Dex:       It affects your dexterity (-2).
   rC:        It protects you from cold.
   Fly:       It grants you flight.
 u - a +0 cloak of willpower (worn)
Wands
 b - a wand of flame (10) (quivered)
 d - a wand of charming (15)
 l - a wand of roots (11)
Scrolls
 e - a scroll of enchant weapon
 j - 4 scrolls of identify
 n - a scroll of enchant armour
Potions
 h - a potion of haste
 p - 3 potions of resistance
 q - a potion of invisibility
 r - a potion of flight
 s - 2 potions of mutation
 v - a potion of brilliance
Miscellaneous
 k - a box of beasts (inert)


   Skills:
 + Level 11.2 Fighting
 + Level 14.3 Short Blades
 * Level 21.2 Dodging
 O Level 27 Stealth
 + Level 17.2 Evocations


You had 11 spell levels left.
You didn't know any spells.
Your spell library contained the following spells:

 Spells                   Type           Power      Damage    Failure   Level
 Apportation              Tloc           0%         N/A       26%         1
 Necrotise                Necr           0%         1d4       26%         1
 Summon Small Mammal      Summ           0%         N/A       26%         1
 Blink                    Tloc           0%         N/A       36%         2
 Lesser Beckoning         Tloc           0%         N/A       36%         2
 Momentum Strike          Conj/Tloc      0%         3d8       36%         2
 Dazzling Flash           Conj/Hex       0%         N/A       58%         3
 Agony                    Necr           0%         N/A       100%        5
 Silence                  Hex/Air        0%         N/A       100%        5
 Ozocubu's Refrigeration  Ice            0%         4d7       100%        7
 Polar Vortex             Ice            0%         N/A       100%        9
 Simulacrum               Ice/Necr       Unusable   N/A       N/A         6

Dungeon Overview and Level Annotations

Branches:
Dungeon (1/1)

Altars:
Cheibriados
Dithmenos
Elyvilon
Fedhas
Gozag
Hepliaklqana
Kikubaaqudgha
Makhleb
Nemelex Xobeh
Okawaru
Qazlal
Ru
Sif Muna
Trog
Uskayaw
Vehumet
Wu Jian
Xom
Yredelemnul
Zin
The Shining One
Jiyva
Lugonu

Shops:
D (!?(([[:**=[(!?(![![![

Annotations:
D Lom Lobon, Tiamat


Innate Abilities, Weirdness & Mutations

You are very small and have problems with some larger weapons.
You are too small for most types of armour.
You have supernaturally acute eyesight. (SInv)
You cover ground extremely quickly. (Speed+++)


Message History

Your elder shockox beast hits Lom Lobon.
Your elder shockox beast splashes around in the water.
Lom Lobon hits you!
You feel your power leaking away.
You feel yourself speed up.
Your elder shockox beast splashes around in the water. x2
Lom Lobon closely misses you.
You feel very mighty all of a sudden.
Your elder shockox beast barely misses Lom Lobon.
Your elder shockox beast splashes around in the water.
Lom Lobon hits you but does no damage.
You fade into invisibility!
Your elder shockox beast hits Lom Lobon.
Your elder shockox beast splashes around in the water.
You puncture Lom Lobon!
Lom Lobon is heavily wounded.
You hit Lom Lobon but do no damage.
Lom Lobon is heavily wounded.
Lom Lobon hits you!!
* * * LOW HITPOINT WARNING * * *
You feel your power leaking away.
Unknown command.
Unknown command.
Your elder shockox beast splashes around in the water.
Your elder shockox beast tramples Lom Lobon.
Lom Lobon holds their ground!
There is an open door here.
Aiming: Fastroot
Press: ? - help, Shift-Dir - straight line, f/p - Lom Lobon
Aim: Lom Lobon (heavily wounded, surrounded by restless winds, ally target)
The roots erupt in riotous growth!
Roots grab Lom Lobon.
The grasping roots constrict Lom Lobon!
The roots lose their grip on something.
Okay, then.
Lom Lobon gestures at you.
Lom Lobon conjures a mighty blast of ice!
The great icy blast engulfs you!! You partially resist.
You die...
Your body crumbles into a pile of gold.

..'......####'#.##'##..........#$
####...###....#.#~~~##........##$
C..#####...####.#~~~~##(..!.?##$$
......CC2###°°..#~~~~~######## $
)....#####°°.°####~~&$#~~~~~#....
....## ^$.°^°.#..#H~~~$~~.~~'.°..
...## .°.°..°#..&##~$#~~~~&#°~~.
...# .°°°○○°#§§§.######'### ~
#### #°°°.°.#§@..# ≈≈≈≈
≈≈≈≈≈≈d#°°°.°.###### e≈≈≈≈≈
########.°°°.. $$.~~~~~~~ 0..+
$$$$$$$$~~ #### #########


You could see Lom Lobon (gusty, ally target) and a friendly elder shockox beast
(summoned).

Vanquished Creatures
  the Lernaean hydra (D)
  A golden dragon (D)
  A shadow dragon (D)
  A mummy priest (D)
  A hydra (D)
  2 centaur warriors (D)
  Sonja (D)
  A deep troll (D)
  A lindwurm (D)
  An oklob plant (D)
  8 shining eyes (D)
  4 demonic crawlers (D)
  A gargoyle (D)
  2 kobold demonologists (D)
  7 unseen horrors (D)
  3 hornets (D)
  Sigmund (D)
  A slime creature (D)
  13 hogs (D)
  A yak (D)
  2 redbacks (D)
  7 floating eyes (D)
  An ogre (D)
  7 necrophages (D)
  8 jellies (D)
  Ijyb (D)
  A ballistomycete spore (D)
79 creatures vanquished.

Vanquished Creatures (collateral kills)
  A lorocyproca (D)
  An oklob plant (D)
  2 hornets (D)
4 creatures vanquished.

Vanquished Creatures (others)
  A deep elf master archer (D)
  2 fire giants (D)
  A deep elf annihilator (D)
  2 merfolk sirens (D)
  A gargoyle (D)
  A hellwing (D)
  3 ball lightnings (D)
  A ballistomycete spore (D)
12 creatures vanquished.

Grand Total: 95 creatures vanquished

Notes
Turn   | Place    | Note
-------+----------+-------------------------------------------
     0 | D        | Heoruswealwe the Spriggan Artificer began the quest for the
                  | Orb.
     0 | D        | Reached XP level 1. HP: 9/9 MP: 2/2
     1 | D        | Noticed Ijyb
     3 | D        | Killed Ijyb
     4 | D        | Reached skill level 9 in Stealth
     4 | D        | Reached XP level 2. HP: 4/14 MP: 3/3
    58 | D        | Noticed an ogre
    71 | D        | Killed an ogre
    72 | D        | Reached skill level 14 in Stealth
    72 | D        | Reached XP level 3. HP: 17/17 MP: 4/4
    72 | D        | Reached XP level 4. HP: 21/21 MP: 5/5
    88 | D        | Noticed Sigmund
    91 | D        | Killed Sigmund
    92 | D        | Reached skill level 18 in Stealth
    92 | D        | Reached XP level 5. HP: 25/25 MP: 6/6
    92 | D        | Reached XP level 6. HP: 29/29 MP: 7/7
   103 | D        | Found an ornate altar of the Wu Jian Council.
   103 | D        | Found a shimmering blue altar of Sif Muna.
   105 | D        | Found a radiant altar of Vehumet.
   110 | D        | Reached skill level 19 in Stealth
   141 | D        | Found Zogarida's Antique Weapon Emporium.
   141 | D        | Found an ancient bone altar of Kikubaaqudgha.
   141 | D        | Found a hazy altar of Hepliaklqana.
   141 | D        | Found a stormy altar of Qazlal.
   141 | D        | Found a hide-covered altar of Uskayaw.
   141 | D        | Found a blossoming altar of Fedhas.
   141 | D        | Found a bloodstained altar of Trog.
   141 | D        | Found an iron altar of Okawaru.
   141 | D        | Found a basalt altar of Yredelemnul.
   141 | D        | Found a glowing golden altar of the Shining One.
   141 | D        | Found a snail-covered altar of Cheibriados.
   141 | D        | Found a sacrificial altar of Ru.
   141 | D        | Found a glowing silver altar of Zin.
   141 | D        | Found a shadowy altar of Dithmenos.
   141 | D        | Found a white marble altar of Elyvilon.
   141 | D        | Noticed a yak
   142 | D        | Found an opulent altar of Gozag.
   143 | D        | Killed a yak
   144 | D        | Reached skill level 21 in Stealth
   144 | D        | Found a sparkling altar of Nemelex Xobeh.
   149 | D        | Became a worshipper of Zin the Law-Giver
   149 | D        | Reached * piety under Zin
   149 | D        | Reached ** piety under Zin
   149 | D        | Reached *** piety under Zin
   149 | D        | Reached **** piety under Zin
   149 | D        | Reached ***** piety under Zin
   149 | D        | Reached ****** piety under Zin
   158 | D        | Noticed Sonja
   161 | D        | Killed Sonja
   162 | D        | Reached skill level 24 in Stealth
   162 | D        | Reached XP level 7. HP: 17/32 MP: 8/8
   180 | D        | Found Muruudif's Weapon Boutique.
   232 | D        | Noticed a shining eye
   232 | D        | Noticed a shining eye
   232 | D        | Noticed a shining eye
   232 | D        | Noticed a shining eye
   232 | D        | Noticed a shining eye
   232 | D        | Noticed a shining eye
   235 | D        | Reached skill level 1 in Fighting
   235 | D        | Reached skill level 1 in Short Blades
   235 | D        | Reached skill level 25 in Stealth
   235 | D        | Reached XP level 8. HP: 37/37 MP: 9/9
   235 | D        | Noticed a shining eye
   235 | D        | Noticed a shining eye
   243 | D        | Killed a shining eye
   244 | D        | Reached skill level 5 in Dodging
   244 | D        | Killed a shining eye
   247 | D        | Killed a shining eye
   247 | D        | Paralysed by a floating eye for 2 turns
   248 | D        | Reached skill level 5 in Short Blades
   248 | D        | Reached XP level 9. HP: 46/46 MP: 10/10
   251 | D        | Reached skill level 26 in Stealth
   270 | D        | Killed a shining eye
   271 | D        | Reached skill level 5 in Fighting
   283 | D        | Killed a shining eye
   291 | D        | Killed a shining eye
   305 | D        | Killed a shining eye
   306 | D        | Reached skill level 10 in Dodging
   306 | D        | Reached skill level 10 in Evocations
   306 | D        | Reached XP level 10. HP: 53/53 MP: 11/11
   311 | D        | Killed a shining eye
   323 | D        | Fell from the grace of Zin
   323 | D        | Became a worshipper of Gozag Ym Sagoz the Greedy
   337 | D        | Noticed a deep troll
   341 | D        | Killed a deep troll
   342 | D        | Reached skill level 27 in Stealth
   352 | D        | Found Seczok's Armour Emporium.
   434 | D        | Found Imoxo's Distillery.
   434 | D        | Found Lumeve's Antique Weapon Shop.
   434 | D        | Found Juriukhuut's Magic Scroll Emporium.
   434 | D        | Found Qyirchev's Antique Armour Boutique.
   447 | D        | Bought a runed robe for 107 gold pieces
   498 | D        | Noticed a centaur warrior
   500 | D        | Noticed a centaur warrior
   502 | D        | Killed a centaur warrior
   504 | D        | Killed a centaur warrior
   555 | D        | Noticed an oklob plant
   557 | D        | Killed an oklob plant
   583 | D        | Reached skill level 10 in Short Blades
   620 | D        | Reached XP level 11. HP: 60/60 MP: 12/12
   726 | D        | Found Warphecet's Book Shoppe.
   726 | D        | Found Piem's Armour Shop.
   726 | D        | Found Kanyesiloof's General Store.
   732 | D        | Found Aho Etta's Antique Armour Boutique.
   732 | D        | Found Uvve's Distillery.
   732 | D        | Found Pouxupp's Distillery.
   734 | D        | Found Onan's Distillery.
   734 | D        | Found Zohites's Antique Weapon Shoppe.
   734 | D        | Found Lydel's Magic Scroll Shop.
   734 | D        | Found Apoxos's Distillery.
   734 | D        | Found Symell's Weapon Boutique.
   734 | D        | Found Lifrutwu's Armour Shoppe.
   734 | D        | Found Racefuec's Jewellery Shop.
   738 | D        | Found Mippop's General Store.
   825 | D        | Bought a scroll of identify for 20 gold pieces
   825 | D        | Bought 2 scrolls of identify for 40 gold pieces
   825 | D        | Bought 3 scrolls of identify for 60 gold pieces
   827 | D        | Identified 2 scrolls of acquirement
   828 | D        | Acquired the +1 hat "Ywkef" {rN+ Dex+4}
   835 | D        | Acquired the +2 quick blade of Ignis, Dancing {freeze,
                  | *Rage +Blink Will+++ Stlth-}
   863 | D        | Found a burning altar of Makhleb.
   863 | D        | Found a viscous altar of Jiyva.
   863 | D        | Found a shimmering altar of Xom.
   863 | D        | Found a corrupted altar of Lugonu.
   903 | D        | Reached skill level 15 in Dodging
   945 | D        | Noticed a lindwurm
   950 | D        | Killed a lindwurm
  1083 | D        | Noticed a 12-headed hydra
  1085 | D        | Killed a 12-headed hydra
  1088 | D        | Reached skill level 15 in Evocations
  1152 | D        | Noticed a shadow dragon
  1152 | D        | Noticed a golden dragon
  1157 | D        | Killed a golden dragon
  1158 | D        | Reached skill level 10 in Fighting
  1158 | D        | Killed a shadow dragon
  1159 | D        | Reached XP level 12. HP: 67/67 MP: 13/13
  1230 | D        | Found Ododat's Antique Armour Shoppe.
  1248 | D        | Bought a slimy robe for 171 gold pieces
  1248 | D        | Identified the +1 robe of Wasted Space {Fly rC+ Int+3
                  | Dex-2} (You bought it in a shop in the Dungeon)
  1269 | D        | Noticed a deep elf annihilator
  1273 | D        | Noticed a mummy priest
  1326 | D        | Killed a mummy priest
  1359 | D        | Noticed the 27-headed Lernaean hydra
  1368 | D        | Killed the 27-headed Lernaean hydra
  1369 | D        | Noticed a deep elf master archer
  1503 | D        | Bought the +1 acid dragon scales of the Bull {rPois rCorr}
                  | for 618 gold pieces
  1514 | D        | Bought a potion of resistance for 110 gold pieces
  1514 | D        | Bought a potion of resistance for 110 gold pieces
  1516 | D        | Bought a potion of invisibility for 80 gold pieces
  1516 | D        | Bought a potion of flight for 30 gold pieces
  1517 | D        | Bought a potion of mutation for 104 gold pieces
  1517 | D        | Bought a potion of invisibility for 104 gold pieces
  1517 | D        | Bought a potion of mutation for 104 gold pieces
  1517 | D        | Bought a potion of haste for 130 gold pieces
  1520 | D        | Bought a potion of resistance for 100 gold pieces
  1520 | D        | Bought a potion of might for 40 gold pieces
  1520 | D        | Bought a potion of resistance for 100 gold pieces
  1525 | D        | Bought a +0 cloak of willpower for 115 gold pieces
  1608 | D        | Noticed a lorocyproca
  1619 | D        | Killed a deep elf master archer
  1745 | D        | Noticed a daeva
  1819 | D        | Noticed a fire giant
  1823 | D        | Noticed a fire giant
  1824 | D        | Noticed a fire giant
  1825 | D        | Noticed a fire giant
  1846 | D        | Found the +4 dragonskin cloak
  1846 | D        | Noticed Tiamat
  1917 | D        | Noticed Lom Lobon
  1961 | D        | HP: 1/70 [Lom Lobon (32)]
  1971 | D        | Killed from afar by Lom Lobon

Illustrated notes

Levels and vault maps discovered:
D:        dungeon_sprint_1 [red_sonja_temple_1, red_sonja_temple_small_1]

Skill      XL: |  1  2  3  4  5  6  7  8  9 10 11 12 |
---------------+-------------------------------------+-----
Stealth        | 9 14 18 24 25 26 27 | 27.0
Fighting       | 1 4 6 8 10 11 | 11.2
Short Blades   | 1 5 7 10 12 14 | 14.3
Dodging        | 7 10 14 19 21 | 21.2
Evocations     | 8 10 12 15 17 | 17.2

Action                     |  1- 3 |  4- 6 |  7- 9 | 10-12 || total
---------------------------+-------+-------+-------+-------++-------
  Melee: Dagger            |       |     3 |    53 |    33 ||    89
         Punch             |       |       |     1 |     2 ||     3
         Quick blade       |       |       |       |   199 ||   199
 Invoke: Bribe Branch      |       |       |       |     2 ||     2
  Evoke: Wand              |     6 |     2 |       |    38 ||    46
         Box of beasts     |       |       |       |     2 ||     2
    Use: Scroll            |       |       |       |    10 ||    10
         Potion            |       |       |       |    11 ||    11
   Stab: Sleeping          |       |     3 |     5 |    28 ||    36
         Distracted        |       |       |       |     4 ||     4
 Armour: Robe              |       |       |       |     2 ||     2
         Acid dragon scale |       |       |       |     2 ||     2
  Dodge: Dodged            |       |       |       |   103 ||   103
